 Dungeon Crawl Stone Soup version 0.29.1-2-gbd0b4ee654 (webtiles) character file.

Game seed: 3273367242228963431

3092 Avanven the Cleaver (level 9, -1/43 HPs)
             Began as a Vine Stalker Fighter on Nov 14, 2022.
             Was a Believer of Okawaru.
             Slain by a killer bee (2 damage)
             ... on level 7 of the Dungeon.
             The game lasted 00:10:25 (5359 turns).

Avanven the Cleaver (Vine Stalker Fighter)          Turns: 5359, Time: 00:10:27

Health: -1/43      AC: 14    Str: 23    XL:     9   Next: 89%
Magic:  0/10       EV:  6    Int:  8    God:    Okawaru [**....]
Gold:   383        SH:  4    Dex: 14    Spells: 8/8 levels left

rFire   . . .      SeeInvis .   a - +0 war axe
rCold   . . .      Faith    .   c - +0 buckler
rNeg    . . .      Spirit   +   s - +0 plate armour
rPois   .          Reflect  .   (no helmet)
rElec   .          Harm     .   o - +0 cloak
rCorr   .          Rampage  .   m - +0 pair of gloves
Will    +....                   h - +0 pair of boots
Stlth   ..........              (no amulet)
HPRegen 0.94/turn               (no ring)
MPRegen 0.12/turn               (no ring)

@: about to teleport
A: fangs 3, regeneration 1, magic shield, antimagic bite, no potion heal 2
a: Renounce Religion, Heroism


You were on level 7 of the Dungeon.
You worshipped Okawaru.
Okawaru was pleased with you.
You visited 2 branches of the dungeon, and saw 9 of its levels.

You collected 383 gold pieces.

Inventory:

Hand Weapons
 a - a +0 war axe (weapon)
Missiles
 n - 4 throwing nets (quivered)
Armour
 c - a +0 buckler (worn)
 h - a +0 pair of boots (worn)
 m - a +0 pair of gloves (worn)
 o - a +0 cloak (worn)
 s - a +0 plate armour (worn)
Jewellery
 e - a ring of fire
 y - a +4 ring of protection
Wands
 g - a wand of polymorph (9)
 t - a wand of iceblast (9)
 w - a wand of flame (31)
Scrolls
 k - a scroll of magic mapping
 l - 3 scrolls of teleportation
Potions
 b - a potion of attraction {unknown}
 d - 2 potions of might
 f - a potion of resistance
 i - 3 potions of brilliance
 j - 4 potions of curing
 p - 4 potions of cancellation
 q - 2 potions of haste
 r - 2 potions of flight {unknown}
 u - a potion of mutation {unknown}
 v - a potion of ambrosia {unknown}


   Skills:
 - Level 2.6 Fighting
 + Level 12.4 Axes
 - Level 2.4 Armour
 - Level 2.6 Shields


You had 8 spell levels left.
You didn't know any spells.
Your spell library contained the following spells:

 Spells                   Type           Power      Damage    Failure   Level
 Slow                     Hex            0%         N/A       100%        1
 Blink                    Tloc           0%         N/A       100%        2
 Confusing Touch          Hex            0%         N/A       100%        3
 Ozocubu's Armour         Ice            0%         N/A       100%        3
 Vampiric Draining        Necr           0%         2d6       100%        3
 Leda's Liquefaction      Hex/Erth       0%         N/A       100%        4
 Lee's Rapid Deconstruct  Erth           0%         3d5*      100%        5
 Manifold Assault         Tloc           0%         N/A       100%        5
 Metabolic Englaciation   Hex/Ice        0%         N/A       100%        5
 Statue Form              Tmut/Erth      0%         N/A       100%        6
 Storm Form               Tmut/Air       0%         N/A       100%        7
 Simulacrum               Ice/Necr       Unusable   N/A       N/A         6

Dungeon Overview and Level Annotations

Branches:
Dungeon (8/15)             Temple (1/1) D:4
   Lair: D:8-11

Altars:
Ashenzari
Cheibriados
Elyvilon
Fedhas
Gozag
Hepliaklqana
Kikubaaqudgha
Makhleb
Nemelex Xobeh
Okawaru
Qazlal
Ru
Sif Muna
Trog
Uskayaw
Vehumet
Wu Jian
Xom
Yredelemnul
Zin

Annotations:
Temple 2 transporters


Innate Abilities, Weirdness & Mutations

You have razor-sharp teeth.
Your natural rate of healing is unusually fast.
When hurt, damage is shared between your health and your magic reserves.
Your bite disrupts and absorbs the magic of your enemies.
Potions cannot restore your health.


Message History

You are poisoned.
The killer bee poisons you!
The killer bee stings you but does no damage.
You climb upwards.
You feel very sick.
There is a stone staircase leading down here.
As you read the scroll of teleportation, it crumbles to dust.
You feel strangely unstable.
You feel sick. The killer bee barely misses you. x2
The killer bee stings you but does no damage.
The killer bee stings you.
You are more poisoned.
The killer bee poisons you! The killer bee barely misses you.
The killer bee stings you but does no damage.
The killer bee barely misses you. The killer bee stings you.
You hit the killer bee. You bite the killer bee.
You kill the killer bee!
Okawaru accepts your kill.
You barely miss the killer bee. You hit the killer bee.
You closely miss the killer bee.
You feel very sick.
The killer bee stings you but does no damage.
You block the killer bee's attack. The killer bee stings you.
* * * LOW HITPOINT WARNING * * *
The killer bee stings you but does no damage. x2
The killer bee stings you!
* * * LOW HITPOINT WARNING * * *
You closely miss the killer bee.
The killer bee is severely wounded.
You slash the killer bee! You closely miss the killer bee.
You feel sick. The killer bee stings you.
* * * LOW HITPOINT WARNING * * *
You block the killer bee's attack.
The killer bee stings you but does no damage. x4
Your system rejects the healing.
You feel better. The killer bee stings you.
* * * LOW HITPOINT WARNING * * *
The killer bee stings you but does no damage.
The killer bee stings you.
* * * LOW HITPOINT WARNING * * *
The killer bee closely misses you. The killer bee stings you.
You die...

#.# ##.##............# #.#
#.###########...## #.# #.#
#........ #####.### ##'##
#.###.##. #.......# ##...## #.#
#.##. #.###.#.# ##.....##
#.###.##. #.###.#.####.......##
#.....##.
#........##...y†....####...####.
#<#.......'....@y...'...........
#........##.....y...####....[...
#.###.##!###.......## ##....#.#
#.#...##.# ##.....## #.##.#.#
#.#.####.# ##...## #.##.#.#
#.#.####.# ##'## #......#
#........# #.# ####.###
###.###### #.# #.#
###.################ #.#


You could see 3 killer bees.

Vanquished Creatures
  Pikel (D:7)
  Grinder (D:6)
  Sigmund (D:3)
  Menkaure (D:4)
  A water moccasin (D:5)
  An orc warrior (D:7)
  A sky beast (D:7)
  4 ogres
  A centaur (D:6)
  A phantom (D:5)
  Blork the orc (D:6)
  A bullfrog (D:7)
  A scorpion (D:5)
  2 killer bees
  5 howler monkeys
  3 jellies
  Crazy Yiuf (D:6)
  A gnoll bouda (D:5)
  An orc priest (D:5)
  7 hounds
  4 iguanas
  Terence (D:2)
  2 orc wizards (D:3)
  13 gnolls
  11 adders
  A white imp (D:6)
  A worm (D:2)
  2 dart slugs
  22 orcs
  3 bats (D:2)
  8 endoplasms
  3 giant cockroaches
  7 goblins
  6 hobgoblins
  6 jackals (D:2)
  7 quokkas
  5 ball pythons
  A frilled lizard (D:2)
  5 kobolds
  4 rats
148 creatures vanquished.

Vanquished Creatures (collateral kills)
  A rat (D:2)
1 creature vanquished.

Vanquished Creatures (others)
  2 fungi (D:2)
  4 plants (D:2)
6 creatures vanquished.

Grand Total: 155 creatures vanquished

Notes
Turn   | Place    | Note
-------+----------+-------------------------------------------
     0 | D:1      | Avanven the Vine Stalker Fighter began the quest for the
                  | Orb.
     0 | D:1      | Reached XP level 1. HP: 11/11 MP: 2/2
    88 | D:1      | Reached skill level 2 in Axes
   189 | D:1      | Reached XP level 2. HP: 16/16 MP: 3/3
   676 | D:2      | Reached skill level 3 in Axes
   676 | D:2      | Reached XP level 3. HP: 19/19 MP: 4/4
   696 | D:2      | Noticed Terence
   704 | D:2      | Killed Terence
   929 | D:2      | Gained mutation: Your natural rate of healing is unusually
                  | fast. [Vine Stalker growth]
   929 | D:2      | Reached XP level 4. HP: 23/23 MP: 5/5
   969 | D:2      | Reached skill level 4 in Axes
  1301 | D:2      | Reached XP level 5. HP: 27/27 MP: 6/6
  1504 | D:2      | Found a faded altar of an unknown god.
  1573 | D:3      | Reached skill level 5 in Axes
  1733 | D:3      | Noticed Sigmund
  1755 | D:3      | Killed Sigmund
  1756 | D:3      | Reached skill level 6 in Axes
  1756 | D:3      | Reached XP level 6. HP: 32/32 MP: 7/7
  1970 | D:3      | Reached XP level 7. HP: 34/35 MP: 6/8
  2169 | D:4      | Noticed Menkaure
  2177 | D:4      | Killed Menkaure
  2178 | D:4      | Reached skill level 7 in Axes
  2198 | D:4      | Found a staircase to the Ecumenical Temple.
  2215 | Temple   | Entered the Ecumenical Temple
  2215 | Temple   | Found a transporter.
  2215 | Temple   | Found a transporter.
  2217 | Temple   | Found a transporter.
  2217 | Temple   | Found a transporter.
  2236 | Temple   | Became a worshipper of Warmaster Okawaru
  2372 | D:4      | Found a sacrificial altar of Ru.
  2375 | D:4      | Found a white marble altar of Elyvilon.
  2378 | D:4      | Found a stormy altar of Qazlal.
  2561 | D:4      | Found an ornate altar of the Wu Jian Council.
  2603 | D:5      | Entered Level 5 of the Dungeon
  2664 | D:5      | Reached skill level 8 in Axes
  2743 | D:5      | Gained mutation: You have razor-sharp teeth. [Vine Stalker
                  | growth]
  2743 | D:5      | Reached XP level 8. HP: 29/39 MP: 5/9
  2760 | D:5      | Reached * piety under Okawaru
  2980 | D:5      | Reached skill level 9 in Axes
  3399 | D:5      | Found an opulent altar of Gozag.
  3498 | D:6      | Noticed Blork the orc
  3505 | D:6      | Killed Blork the orc
  3506 | D:6      | Reached skill level 10 in Axes
  3655 | D:6      | Noticed Grinder
  3666 | D:6      | Killed Grinder
  3667 | D:6      | Reached XP level 9. HP: 43/43 MP: 10/10
  3809 | D:6      | Found a radiant altar of Vehumet.
  4143 | D:6      | Identified the +2 robe "Riph" {Dex+2}
  4162 | D:6      | Found a runed translucent door.
  4163 | D:6      | Noticed Crazy Yiuf
  4267 | D:6      | Killed Crazy Yiuf
  4403 | D:7      | Reached skill level 11 in Axes
  4436 | D:7      | Noticed Pikel
  4438 | D:7      | Reached ** piety under Okawaru
  4451 | D:7      | Killed Pikel
  4702 | D:7      | Reached skill level 12 in Axes
  4993 | D:7      | Reached *** piety under Okawaru
  5118 | D:7      | Found an ancient bone altar of Kikubaaqudgha.
  5358 | D:7      | HP: 2/43 [killer bee (4)]
  5359 | D:7      | Slain by a killer bee

Illustrated notes

Levels and vault maps discovered:
D:1:      dpeg_arrival_simpleton_c, layout_loops_ring, dk_noncrumbling_3,
          chequers_serial_rivers_room_b, st_stairs_10
D:2:      minmay_chambers_of_ones, layout_rooms,
          dreamdust_ecumenical_altar_hidden_monk_grotto, roderic_lattice_a,
          kennysheep_doodads, uniq_terence
D:3:      layout_basic, kennysheep_flooded_box, uniq_sigmund
D:4:      layout_rooms, pdpol_wu_jian_five_deadly_venoms, minitemple,
          minmay_temple_entry_sparse_star, chequers_serial_rivers_room_a,
          corexii_item_surrounded_by_moat, uniq_menkaure
D:5:      minmay_razor_zed, layout_loops_ring, general_overflow_altar
D:6:      layout_basic, kennysheep_mini, uniq_blork_the_orc,
          uniq_crazy_yiuf_cottage, uniq_grinder
D:7:      layout_loops_corners, mainiacjoe_overflow_alcove_2, kennysheep_path_1,
          st_stairs_6, bh_walls_and_bars, uniq_pikel
D:8:      layout_cave_pools, serial_shops, nicolae_shop_stone,
          small_statue_intersection
Temple:   hellmonk_temple_divided_pantheon

Skill      XL: |  1  2  3  4  5  6  7  8  9 |
---------------+----------------------------+-----
Axes           | 2 3 4 6 8 10 12 | 12.4
Fighting       | |  2.6
Armour         | |  2.4
Shields        | |  2.6

Action                   |  1- 3 |  4- 6 |  7- 9 || total
-------------------------+-------+-------+-------++-------
Melee: War axe           |    41 |   132 |   245 ||   418
       Bite              |    13 |    24 |    74 ||   111
Invok: Heroism           |       |       |     2 ||     2
  Use: Scroll            |     2 |     5 |    11 ||    18
       Potion            |       |     1 |     2 ||     3
Armor: Scale mail        |    15 |    54 |       ||    69
       Plate armour      |       |    37 |   134 ||   171
Dodge: Dodged            |    14 |    52 |    79 ||   145
Block: Buckler           |     7 |    28 |    57 ||    92
